 Dungeon Crawl Stone Soup version 0.25-a0-661-g55ea3d2 (webtiles) character file.

Game seed: 8212165604742850648, levelgen mode: deterministic

378 MrTaco21 the Cudgeler (level 6, -2/37 HPs)
             Began as a Gargoyle Fighter on Mar 23, 2020.
             Killed from afar by Ijyb (13 damage)
             ... with a bolt of acid
             ... on level 4 of the Dungeon.
             The game lasted 00:04:20 (3167 turns).

MrTaco21 the Cudgeler (Gargoyle Fighter)            Turns: 3167, Time: 00:04:21

Health: -2/37      AC:  7    Str: 21    XL:     6   Next: 74%
Magic:  6/6        EV: 22    Int:  9    God:
Gold:   158        SH:  9    Dex:  9    Spells: 5/5 levels left

rFire    . . .     SeeInvis .   a - +0 flail
rCold    . . .     Gourm    .   c - +0 kite shield
rNeg     + . .     Faith    .   b - +0 scale mail
rPois    ∞         Spirit   .   (no helmet)
rElec    +         Reflect  .   (no cloak)
rCorr    .         Harm     .   (no gloves)
MR       .....                  (no boots)
Stlth    ..........             j - amulet of the acrobat
HPRegen  0.12/turn              o - ring of wizardry
MPRegen  0.10/turn              (no ring)

@: corroded, acrobat
A: negative energy resistance 1, electricity resistance, unbreathing,
petrification resistance, rot immunity, AC +4
a: no special abilities


You were on level 4 of the Dungeon.
You were not hungry.

You visited 1 branch of the dungeon, and saw 4 of its levels.

You collected 158 gold pieces.

Inventory:

Hand Weapons
 a - a +0 flail (weapon)
Missiles
 k - 11 poisoned darts (quivered)
Armour
 b - a +0 scale mail (worn)
 c - a +0 kite shield (worn)
Jewellery
 j - an amulet of the acrobat (around neck)
   (You found it on level 1 of the Dungeon)
 o - a ring of wizardry (left hand)
   (You found it on level 2 of the Dungeon)
Scrolls
 h - 2 scrolls of teleportation {unknown}
 i - a scroll of enchant armour {unknown}
 l - 2 scrolls of noise {unknown}
 m - 4 scrolls of identify {unknown}
 n - 2 scrolls of blinking {unknown}
Potions
 d - a potion of might
 f - 2 potions of magic {unknown}
 g - a potion of curing {unknown}
 q - a potion of berserk rage {unknown}
 r - a potion of flight {unknown}
 s - a potion of lignification {unknown}
Comestibles
 e - 3 rations {!d}
 p - 6 chunks of flesh


   Skills:
 - Level 3.2 Fighting
 + Level 7.0 Maces & Flails
 - Level 3.2 Armour
 - Level 3.2 Shields


You had 5 spell levels left.
You didn't know any spells.
Your spell library was empty.

Dungeon Overview and Level Annotations

Branches:
Dungeon (4/15)
 Temple: D:4-7

Altars:
Ashenzari
Hepliaklqana
Nemelex Xobeh
Okawaru

Annotations:
D:4 Ijyb


Innate Abilities, Weirdness & Mutations

You are resistant to torment.
Your stone body is resilient. (AC +4)
You are immune to poison.
You resist negative energy. (rN+)
You are resistant to electric shocks. (rElec)
You can survive without breathing.
You are immune to petrification.
You are immune to rotting.


Message History

You see here 2 stones.
Things that are here:
a +3 scythe of venom; a +0 robe
There is a stone staircase leading down here.
You climb downwards.
A worker ant comes into view.
The worker ant twitches its antennae in your direction.
There is a stone staircase leading up here.
You barely miss the worker ant.
The worker ant bites you but does no damage.
You closely miss the worker ant. The worker ant misses you.
You hit the worker ant. You block the worker ant's attack.
You sock the worker ant!
The worker ant bites you but does no damage.
The worker ant barely misses you.
You closely miss the worker ant.
The worker ant bites you but does no damage.
You closely miss the worker ant. You block the worker ant's attack.
The worker ant bites you but does no damage.
You barely miss the worker ant. You block the worker ant's attack.
You hit the worker ant.
You kill the worker ant!
Your Maces & Flails skill increases to level 7!
You butcher the worker ant corpse.
p - 6 chunks of flesh (gained 2) Ijyb the Twisted Goblin comes into view.
She is carrying a wand of acid (10).
Ijyb shouts!
Ijyb moves out of view.
You block Ijyb's attack.
You thump Ijyb!
Ijyb zaps a wand.
The bolt of acid hits you! The acid corrodes you!
You are splashed with acid!
* * * LOW HITPOINT WARNING * * *
Unknown command.
You completely miss Ijyb. You block Ijyb's attack.
You closely miss Ijyb. Ijyb hits you but does no damage.
Unknown command.
You hit Ijyb but do no damage. You block Ijyb's attack.
Your shield and scale mail prevent you from hitting Ijyb.
Ijyb screams, "No!
No, no, no, no!"
Ijyb hits you.
* * * LOW HITPOINT WARNING * * *
Your shield prevents you from hitting Ijyb.
You block Ijyb's attack.
Ijyb screams, "Level is mine!
All mine!"
Ijyb closely misses you.
Unknown command.
Ijyb zaps a wand.
The bolt of acid hits you!
You die...

#. #.
#. #.
###.
...
#g###
#...#
###@#
#<#
###


You could see Ijyb.

Vanquished Creatures
  Sigmund (D:3)
  An orc wizard (D:3)
  A worker ant (D:4)
  The ghost of bonscott the Grasshopper, a weakling GnWr (D:3)
  A hound skeleton (D:3)
  3 gnolls (D:2)
  2 adders
  An adder zombie (D:3)
  2 worms
  A dart slug (D:1)
  5 leopard geckos
  3 orcs (D:3)
  A ball python (D:1)
  4 giant cockroaches
  9 hobgoblins
  6 jackals
  12 kobolds
  A quokka (D:2)
  3 bats (D:1)
  2 frilled lizards (D:1)
  10 goblins
  A jackal zombie (D:3)
  6 rats
  2 bushes (D:3)
  2 plants (D:3)
81 creatures vanquished.

Notes
Turn   | Place    | Note
-------+----------+-------------------------------------------
     0 | D:1      | MrTaco21 the Gargoyle Fighter began the quest for the Orb.
     0 | D:1      | Reached XP level 1. HP: 14/14 MP: 1/1
   142 | D:1      | Reached XP level 2. HP: 17/19 MP: 2/2
   314 | D:1      | Reached skill level 3 in Maces & Flails
   461 | D:1      | Reached XP level 3. HP: 21/23 MP: 3/3
   954 | D:2      | Reached skill level 4 in Maces & Flails
   962 | D:2      | Reached XP level 4. HP: 13/28 MP: 4/4
  1435 | D:2      | Found an iron altar of Okawaru.
  1702 | D:3      | Found a runed translucent gate.
  1702 | D:3      | Found a runed translucent gate.
  1702 | D:3      | Found a runed translucent gate.
  1716 | D:3      | Noticed bonscott's ghost (weakling GnWr)
  1738 | D:3      | Killed bonscott's ghost
  1738 | D:3      | Reached skill level 5 in Maces & Flails
  1738 | D:3      | Reached XP level 5. HP: 6/32 MP: 5/5
  2064 | D:3      | Noticed Sigmund
  2215 | D:3      | Killed Sigmund
  2215 | D:3      | Reached skill level 6 in Maces & Flails
  2215 | D:3      | Reached XP level 6. HP: 17/37 MP: 6/6
  2404 | D:3      | Found a hazy altar of Hepliaklqana.
  2405 | D:3      | Found a sparkling altar of Nemelex Xobeh.
  2411 | D:3      | Found an iron altar of Okawaru.
  2450 | D:3      | Found a shattered altar of Ashenzari.
  3155 | D:4      | Reached skill level 7 in Maces & Flails
  3158 | D:4      | Noticed Ijyb
  3167 | D:4      | Killed from afar by Ijyb

Levels and vault maps discovered:
D:1:      ncdulo_wetmaze, layout_basic, grunt_decor_mini_mirrors
D:2:      layout_loops_cross, first_ration, okawaru_gym_becter
D:3:      layout_basic, cheibrodos_ashenzari_chains, grunt_temple_overflow_open,
          gammafunk_ghost_necromancy, lexackson_kobold_supper, uniq_sigmund
D:4:      layout_basic, kennysheep_mini_moat, kennysheep_mini,
          minmay_temple_entry_glassed_door, serial_shops, shop,
          grunt_ministairs_15, uniq_ijyb

Skill      XL: |  1  2  3  4  5  6 |
---------------+-------------------+-----
Maces & Flails | 3 4 5 6 7 |  7.0
Fighting       | |  3.2
Armour         | |  3.2
Shields        | |  3.2

Action                   |  1- 3 |  4- 6 || total
-------------------------+-------+-------++-------
Melee: Flail             |   130 |   309 ||   439
Throw: Dart              |       |     2 ||     2
  Eat: Chunk             |       |     8 ||     8
Armor: Scale mail        |    70 |    76 ||   146
Dodge: Dodged            |    31 |    54 ||    85
Block: Kite shield       |    60 |    84 ||   144

Table legend:
 A = Non-vault XP
 B = Vault XP
 C = Vault XP percentage of total XP
 D = Non-vault monster count
 E = Vault monster count
 F = Vault count percentage of total count
                 A         B        C        D         E       F
            +---------+---------+-------+---------+---------+-------
      Total |     255 |     286 |  52.9 |      64 |      13 |  16.9
            +---------+---------+-------+---------+---------+-------
        D:1 |      46 |       0 |   0.0 |      28 |       0 |   0.0
        D:2 |      90 |       0 |   0.0 |      20 |       0 |   0.0
        D:3 |      85 |     286 |  77.1 |      15 |      13 |  46.4
        D:4 |      34 |       0 |   0.0 |       1 |       0 |   0.0
            +---------+---------+-------+---------+---------+-------
